 Dungeon Crawl Stone Soup version 0.30-a0-137-gd8773701ce (webtiles) character file.

Game seed: 17832141820356046217

145 Lolow the Poker (level 5, -4/44 HPs)
             Began as a Ghoul Gladiator on Sept 22, 2022.
             Was a Follower of Dithmenos.
             Slain by an iguana (8 damage)
             ... on level 3 of the Dungeon.
             The game lasted 00:45:54 (2386 turns).

Lolow the Poker (Ghoul Gladiator)                   Turns: 2386, Time: 00:45:54

Health: -4/44      AC: 12    Str: 26    XL:     5   Next: 27%
Magic:  4/4        EV:  7    Int:  3    God:    Dithmenos [*.....]
Gold:   153        SH:  0    Dex: 10    Spells: 4/4 levels left

rFire   . . .      SeeInvis .    a - +0 trident
rCold   + . .      Faith    .    (no shield)
rNeg    + + +      Spirit   .    s - +0 plate armour
rPois   ∞          Reflect  .    z - +0 helmet
rElec   .          Harm     .    (no cloak)
rCorr   .          Rampage  .    (no gloves)
Will    .....                    (no boots)
Stlth   ..........               (no amulet)
HPRegen 0.00/turn                G - +6 ring of strength
MPRegen 0.09/turn                (no ring)

@: inhibited regen, wreathed by umbra
A: claws 1, cold resistance 1, negative energy resistance 3, inhibited
regeneration, torment resistance 2, devour on kill
a: Renounce Religion


You were on level 3 of the Dungeon.
You worshipped Dithmenos.
Dithmenos was aware of your devotion.
You visited 1 branch of the dungeon, and saw 3 of its levels.

You collected 153 gold pieces.

Inventory:

Hand Weapons
 a - a +0 trident (weapon)
 b - a +0 sling
 e - a +0 club
 g - a +0 short sword
 h - a +0 club
 i - a +0 dagger
 j - a +0 dagger
 k - a +0 club
 l - a +0 whip
 m - a +0 dagger
 n - a +0 hand axe
 o - a +0 club
 p - a +3 dagger of venom
 q - a +0 club
 r - a +0 whip
 v - a +0 sling
 F - a +0 dagger
 I - a +0 morningstar
 J - a +0 whip
 L - a +0 short sword
Missiles
 d - 2 throwing nets
 f - 28 stones
 A - 2 boomerangs (quivered)
Armour
 c - a +0 helmet
 s - a +0 plate armour (worn)
 t - a +0 leather armour
 u - a +0 leather armour
 w - a +0 plate armour
 y - a +0 animal skin
 z - a +0 helmet (worn)
 B - a +0 leather armour
 D - a +0 helmet
Jewellery
 G - a +6 ring of strength (left claw)
Scrolls
 E - a scroll of silence {unknown}
Potions
 x - a potion of flight
 C - a potion of ambrosia
 H - a potion of curing {unknown}


   Skills:
 + Level 2.8 Fighting
 + Level 3.8 Polearms
 + Level 2.0 Throwing
 + Level 2.1 Armour
 + Level 3.3 Dodging


You had 4 spell levels left.
You didn't know any spells.
Your spell library contained the following spells:

 Spells                   Type           Power      Damage    Failure   Level
 Ignite Poison            Fire/Tmut/Pois 0%         N/A       100%        3
 Sticky Flame             Conj/Fire      0%         2d3       100%        4


Dungeon Overview and Level Annotations

Branches:
Dungeon (3/15)

Altars:
Dithmenos


Innate Abilities, Weirdness & Mutations

You are immune to poison.
You have sharp fingernails.
Your flesh is cold resistant. (rC+)
You are immune to negative energy. (rN+++)
You do not regenerate when monsters are visible.
You are immune to unholy pain and torment.
You thrive by killing the living.


Message History

You hit the iguana.
The iguana is moderately wounded.
The iguana bites you but does no damage.
The orc hits you but does no damage.
As you read the scroll of teleportation, it crumbles to dust.
You feel strangely unstable.
The iguana bites you but does no damage.
The orc hits you but does no damage.
The iguana bites you but does no damage.
The orc hits you with a +0 flail.
* * * LOW HITPOINT WARNING * * *
Your surroundings suddenly seem different.
You start resting.
An iguana is nearby!
Throw: 2 boomerangs
Press: ? - help, Q - select action, (/) - cycle Shift-Dir - straight line, f - iguana
Aim: an iguana (moderately wounded, 61% to hit)
You throw a boomerang.
The boomerang closely misses the iguana.
Throw: 2 boomerangs
Press: ? - help, Q - select action, (/) - cycle Shift-Dir - straight line, f/p - iguana
Aim: an iguana (moderately wounded, 61% to hit)
You throw a boomerang. The boomerang barely misses the iguana.
Throw: 2 boomerangs
Press: ? - help, Q - select action, (/) - cycle Shift-Dir - straight line, f/p - iguana
Aim: an iguana (moderately wounded, 61% to hit)
You throw a boomerang. The boomerang hits the iguana!
The iguana is severely wounded.
b - a +0 sling (weapon)
The iguana barely misses you.
You shoot a sling bullet.
The sling bullet closely misses the iguana.
The iguana bites you!
* * * LOW HITPOINT WARNING * * *
The iguana barely misses you.
a - a +0 trident (weapon)
You barely miss the iguana.
The iguana is severely wounded.
The iguana bites you!
You die...

.......#.#....####
###.###.#?
.......#÷#.......###
......r.#.
......##.†.........##
......o.l.
.........#...)......##
#.......#.
.........#.###.####..#
####....#.
_.#....#.#.#
#...##..## ####.#†
..#......#.#
#....#...# ###...#.
.......#.#.#
#....#...# ##.....#.
.......#.#..
#..@l....###......#.
.......#.#..
######....##..###.#.
.........# #....#...#
#.#. ###......#
###....#...##..#.
.........#
................#
.........#
#################
>.......#.#
..†.......#
.........##


You could see an iguana.

Vanquished Creatures
  A howler monkey (D:3)
  Robin (D:2)
  2 adders (D:3)
  3 worms
  3 dart slugs
  3 ball pythons
  4 bats
  5 endoplasms
  2 giant cockroaches
  14 goblins
  7 hobgoblins
  A jackal (D:3)
  4 quokkas
  4 frilled lizards
  5 kobolds
  3 rats
62 creatures vanquished.

Notes
Turn   | Place    | Note
-------+----------+-------------------------------------------
     0 | D:1      | Lolow the Ghoul Gladiator began the quest for the Orb.
     0 | D:1      | Reached XP level 1. HP: 17/17 MP: 0/0
   251 | D:1      | Reached XP level 2. HP: 21/24 MP: 1/1
   851 | D:2      | Reached XP level 3. HP: 30/30 MP: 2/2
  1474 | D:2      | Noticed Robin
  1505 | D:2      | Reached XP level 4. HP: 37/37 MP: 3/3
  1532 | D:2      | Killed Robin
  2095 | D:3      | Reached skill level 1 in Armour
  2101 | D:3      | Found a faded altar of an unknown god.
  2115 | D:3      | Prayed at the altar of an unknown god.
  2115 | D:3      | Became a worshipper of Dithmenos the Shadowed
  2115 | D:3      | Reached * piety under Dithmenos
  2349 | D:3      | Reached XP level 5. HP: 39/44 MP: 4/4
  2386 | D:3      | Slain by an iguana

Illustrated notes

Levels and vault maps discovered:
D:1:      dreamdust_arrival_beginning_and_end, layout_basic
D:2:      layout_loops_corners, minmay_strange_pillars, uniq_robin
D:3:      minmay_recursive_quarters, layout_rooms,
          hellmonk_ecumenical_altar_lost_god, nicolae_shop_vocational

Skill      XL: |  1  2  3  4 |
---------------+-------------+-----
Dodging        | 3 |  3.3
Polearms       | 3 |  3.8
Armour         | 2 |  2.1
Throwing       | 2 |  2.0
Fighting       | |  2.8

Action                   |  1- 3 |  4- 6 || total
-------------------------+-------+-------++-------
Melee: Trident           |   141 |    74 ||   215
       Punch             |     2 |       ||     2
 Fire: Sling             |       |    13 ||    13
Throw: Javelin           |     5 |       ||     5
       Throwing net      |     4 |     1 ||     5
       Stone             |    14 |     5 ||    19
       Boomerang         |       |     3 ||     3
  Use: Scroll            |     1 |     6 ||     7
       Potion            |       |     1 ||     1
Armor: Leather armour    |    22 |       ||    22
       Plate armour      |    30 |    63 ||    93
Dodge: Dodged            |    69 |    29 ||    98

Table legend: (Time is in decaauts)
 A = Elapsed time spent in this place.
 B = Non-inter-level travel time spent in this place.
 C = Inter-level travel time spent in this place.
 D = Time resting spent in this place.
 E = Time spent auto-exploring this place.
 F = Levels seen in this place.
 G = Mean time per level.
                   A        B        C        D        E       F      G
               +--------+--------+--------+--------+--------+-----+--------+
         Total |   2416 |   2416 |      0 |     13 |   1550 |   3 |  805.3 |
       Dungeon |   2416 |   2416 |      0 |     13 |   1550 |   3 |  805.3 |
               +--------+--------+--------+--------+--------+-----+--------+

Top non-repeatable levels by time:
     D:2: 1278 daAuts
     D:1: 774 daAuts
     D:3: 362 daAuts
